 Dungeon Crawl Stone Soup version 0.29.1-13-g9f3cf754e1 (webtiles) character file.

Game seed: 18322989869549752689

9 Ast3rio the Trooper (level 2, -1/24 HPs)
             Began as a Vampire Abyssal Knight on Feb 10, 2023.
             Was a Believer of Lugonu.
             Frozen to death by an endoplasm (3 damage)
             ... on level 1 of the Dungeon.
             The game lasted 00:01:33 (175 turns).

Ast3rio the Trooper (Vampire Abyssal Knight)         Turns: 175, Time: 00:01:34

Health: -1/24      AC:  3    Str: 12    XL:     2   Next: 3%
Magic:  3/3        EV: 12    Int: 12    God:    Lugonu [**....]
Gold:   21         SH:  0    Dex: 14    Spells: 1/1 levels left

rFire   . . .      SeeInvis +   a - +1 short sword
rCold   . . .      Faith    .   (no shield)
rNeg    . . .      Spirit   .   b - +0 leather armour
rPois   .          Reflect  .   (no helmet)
rElec   .          Harm     .   (no cloak)
rCorr   .          Rampage  .   (no gloves)
Will    +....                   (no boots)
Stlth   +.........              (no amulet)
HPRegen 0.28/turn               c - ring of willpower
MPRegen 0.08/turn               (no ring)

@: healing quickly
A: alive, fangs 3, see invisible, vampiric 1
a: Exsanguinate, Renounce Religion, Depart the Abyss, Bend Space


You were on level 1 of the Dungeon.
You worshipped Lugonu.
Lugonu was pleased with you.
You visited 1 branch of the dungeon, and saw 1 of its levels.
You visited the Abyss 1 time.

You collected 21 gold pieces.

Inventory:

Hand Weapons
 a - a +1 short sword (weapon)
Armour
 b - a +0 leather armour (worn)
Jewellery
 c - a ring of willpower (left hand)
Scrolls
 f - a scroll of identify {unknown}
Potions
 d - 2 potions of flight {unknown}
 e - a potion of magic {unknown}


   Skills:
 + Level 3.0 Fighting
 + Level 2.2 Short Blades
 + Level 0.8 Armour
 + Level 2.3 Dodging
 + Level 1.7 Invocations


You had one spell level left.
You didn't know any spells.
Your spell library contained the following spells:

 Spells                   Type           Power      Damage    Failure   Level
 Hailstorm                Conj/Ice       0%         3d3       99%         4
 Ice Form                 Ice/Tmut       0%         N/A       99%         4
 Simulacrum               Ice/Necr       0%         N/A       100%        6


Dungeon Overview and Level Annotations

Branches:
Dungeon (1/15)

Altars:


Innate Abilities, Weirdness & Mutations

Your natural rate of healing is accelerated.
You have razor-sharp teeth.
You have supernaturally acute eyesight. (SInv)
You are afflicted with vampirism.


Message History

You hit the jackal.
You kill the jackal!
Lugonu accepts your kill.
The jackal completely misses you. x2; The goblin hits you with a +0 dagger.
You hit the jackal.
You kill the jackal!
Lugonu accepts your kill.
The jackal bites you but does no damage.
The endoplasm hits you.
* * * LOW HITPOINT WARNING * * *
The goblin misses you. The jackal closely misses you.
Your Fighting skill increases to level 3!
You have reached level 2!
You hit the endoplasm.
The endoplasm is moderately wounded.
The jackal closely misses you. The goblin barely misses you.
The endoplasm hits you.
* * * LOW HITPOINT WARNING * * *
You hit the endoplasm.
You bite the endoplasm, but do no damage.
The endoplasm is almost dead.
The jackal barely misses you. The endoplasm freezes you.
You are frozen.
* * * LOW HITPOINT WARNING * * *
The goblin hits you with a +0 dagger.
* * * LOW HITPOINT WARNING * * *
You barely miss the jackal.
The jackal is heavily wounded.
The jackal barely misses you. The endoplasm freezes you.
You are frozen.
* * * LOW HITPOINT WARNING * * *
The goblin barely misses you. The jackal closely misses you.
You hit the jackal.
You kill the jackal!
Lugonu accepts your kill. The endoplasm freezes you.
You are frozen.
You die...

#.<.#♣♣♣.♣ #.#.....
#...####'# #.#.....
#...'....♣ #.#####.
############.# ## .
.......###...######
#.#########.............
..?...........##########
......g.....#..#
.......@..####.#
......J†..# ...
..........# ##.#
.........$.# ..#
............. ..
..........####
..........# ###########


You could see an endoplasm and a goblin.

Vanquished Creatures
  A bat (D:1)
  2 endoplasms (D:1)
  3 jackals (D:1)
  2 kobolds (D:1)
8 creatures vanquished.

Notes
Turn   | Place    | Note
-------+----------+-------------------------------------------
     0 | Abyss:1  | Ast3rio the Vampire Abyssal Knight began the quest for the
                  | Orb.
     0 | Abyss:1  | Reached XP level 1. HP: 17/17 MP: 2/2
     1 | D:1      | Escaped the Abyss
   172 | D:1      | Reached skill level 3 in Fighting
   172 | D:1      | Reached XP level 2. HP: 8/24 MP: 3/3
   174 | D:1      | HP: 1/24 [frozen (1)]
   175 | D:1      | Frozen to death by an endoplasm

Illustrated notes

Levels and vault maps discovered:
D:1:      scummos_arrival_gate, layout_rooms, corexii_hall_statues_i

Skill      XL: |  1 |
---------------+----+-----
Fighting       | 3 |  3.0
Short Blades   | |  2.2
Armour         | |  0.8
Dodging        | |  2.3
Invocations    | |  1.7

Action                   || total
-------------------------++-------
Melee: Short sword       ||    28
       Bite              ||     2
Armor: Leather armour    ||    16
Dodge: Dodged            ||    38
